 Dungeon Crawl Stone Soup version 0.30-a0-782-ge64f9170bb (webtiles) character file.

Game seed: 7871717426907063478

1871 Anon1729 the Cleaver (level 8, -1/71 HPs)
             Began as a Minotaur Monk on Feb 22, 2023.
             Was a Priest of Qazlal.
             Slain by a yak (10 damage)
             ... on level 7 of the Dungeon.
             The game lasted 00:04:13 (5859 turns).

Anon1729 the Cleaver (Minotaur Monk)                Turns: 5859, Time: 00:04:14

Health: -1/71      AC: 11    Str: 16 (19) XL:     8   Next: 90%
Magic:  11/11      EV:  8    Int:  8 (10) God:    Qazlal [***...]
Gold:   340        SH:  4    Dex: 11 (12) Spells: 7/7 levels left

rFire   + . .      SeeInvis .    r - +7 whip of Beyhon {flame, Int+3}
rCold   . . .      Faith    .    (no shield)
rNeg    . . .      Spirit   .    A - +2 chain mail {rF+}
rPois   .          Reflect  .    (helmet restricted)
rElec   .          Harm     .    (no cloak)
rCorr   .          Rampage  .    (no gloves)
Will    .....                    (no boots) Stlth
                                 (no amulet)
HPRegen 0.31/turn                (no ring)
MPRegen 0.12/turn                (no ring)

@: mighty
A: horns 2, retaliatory headbutt
a: Renounce Religion, Upheaval, Elemental Force


You were on level 7 of the Dungeon.
You worshipped Qazlal.
Qazlal was most pleased with you.
You visited 1 branch of the dungeon, and saw 8 of its levels.

You collected 340 gold pieces.

Inventory:

Hand Weapons
 a - a +0 hand axe
 r - the +7 whip of Beyhon (weapon) {flame, Int+3}
   (You found it on level 4 of the Dungeon)

   Int:       It affects your intelligence (+3).
Armour
 b - a +0 robe
 A - a +2 chain mail of fire resistance (worn)
Wands
 B - a wand of flame (11)
Scrolls
 f - 2 scrolls of magic mapping {unknown}
 g - 8 scrolls of identify {unknown}
 j - 2 scrolls of enchant armour {unknown}
 l - 3 scrolls of teleportation {unknown}
 o - 2 scrolls of noise {unknown}
 q - 3 scrolls of vulnerability {unknown}
 s - a scroll of poison {unknown}
 u - a scroll of fear {unknown}
 v - 4 scrolls of brand weapon {unknown}
 x - a scroll of amnesia {unknown}
 y - a scroll of immolation {unknown}
Potions
 c - 2 potions of ambrosia
 d - a potion of curing
 e - a potion of might
 h - a potion of brilliance {unknown}
 i - 2 potions of degeneration
 k - 2 potions of berserk rage {unknown}
 m - 2 potions of heal wounds {unknown}
 n - 2 potions of attraction {unknown}
 p - a potion of resistance {unknown}
 t - 2 potions of mutation {unknown}
 w - 2 potions of haste {unknown}
 z - a potion of magic {unknown}
 C - a potion of flight {unknown}


   Skills:
 + Level 6.7 Fighting
 * Level 8.8 Axes
 + Level 5.3 Armour
 - Level 3.5 Dodging
 - Level 2.0 Stealth
 * Level 6.2 Invocations


You had 7 spell levels left.
You didn't know any spells.
Your spell library was empty.

Dungeon Overview and Level Annotations

Branches:
Dungeon (8/15)             Temple (0/1) D:6
   Lair: D:8-11

Altars:
Ashenzari
Fedhas
Qazlal
Wu Jian

Annotations:
D:7 1 transporter, Barriton's ghost, novice DrCj


Innate Abilities, Weirdness & Mutations

You have a pair of horns on your head.
You reflexively headbutt those who attack you in melee.


Message History

It was a potion of curing.
You feel better. You block the yak's attack. The yak gores you.
* * * LOW HITPOINT WARNING * * *
The yak misses you. The yak barely misses you. You furiously retaliate!
You headbutt the yak!
Okay, then.
You hit the yak. You burn the yak.
The yak is heavily wounded.
The yak gores you.
* * * LOW HITPOINT WARNING * * *
The yak gores you but does no damage. You block the yak's attack.
The yak gores you but does no damage.
It was a potion of degeneration.
There was something very wrong with that liquid.
You feel weakened.
You feel dopey.
You feel clumsy.
The yak gores you but does no damage. x2; The yak gores you!
* * * LOW HITPOINT WARNING * * *
You block the yak's attack.
You feel better.
The yak gores you but does no damage. x2
The yak closely misses you. The yak barely misses you. You furiously retaliate!
You headbutt the yak.
You feel better. The yak gores you!
* * * LOW HITPOINT WARNING * * *
You block the yak's attack. x2; The yak gores you.
* * * LOW HITPOINT WARNING * * *
You feel better. The yak barely misses you. You block the yak's attack. x2
The yak gores you but does no damage.
You feel better. The yak gores you!
* * * LOW HITPOINT WARNING * * *
The yak gores you!
* * * LOW HITPOINT WARNING * * *
The yak gores you but does no damage. The yak closely misses you.
You feel better. The yak gores you but does no damage.
You block the yak's attack. x2; The yak gores you but does no damage.
It was a potion of might.
You feel very mighty all of a sudden. The yak gores you.
* * * LOW HITPOINT WARNING * * *
The yak gores you!
You die...

# ##..# #≈#.#S≈≈# #
#...###≈#S#.#≈##### #
##.#...#≈#≈#.#≈#...#
######..#####≈#≈#.#≈###.#
.......## #≈#.#≈≈≈#.#
..###### #≈#.#≈# #.# ..#
##### #≈#.#S# #.# ..###
#...# ###Y# #.#
....####...## #Y@.# #.#
..#.........###YY######.#
..######................#
..# #...###...####.###
### #...###........# #
#...#...#####..# #
#...#...##≈##..# ####
###.###...##≈##..#
...###...###...##≈##..#


You could see 4 yaks and an electric eel.

Vanquished Creatures
  A yak (D:7)
  A water moccasin (D:6)
  4 sky beasts
  2 black bears (D:5)
  2 ice beasts
  An ogre (D:4)
  A phantom (D:4)
  A kobold brigand (D:6)
  2 scorpions
  A hound (D:6)
  2 orc priests
  4 iguanas
  An orc wizard (D:7)
  14 gnolls
  5 adders
  A shadow imp (D:6)
  2 ufetubi (D:6)
  4 dart slugs
  19 orcs
  12 ball pythons
  7 endoplasms
  6 giant cockroaches
  6 goblins
  6 hobgoblins
  2 jackals (D:2)
  13 kobolds
  4 quokkas
  A bat (D:3)
  2 frilled lizards (D:1)
  2 rats (D:3)
129 creatures vanquished.

Notes
Turn   | Place    | Note
-------+----------+-------------------------------------------
     0 | D:1      | Anon1729 the Minotaur Monk began the quest for the Orb.
     0 | D:1      | Reached XP level 1. HP: 19/19 MP: 0/0
   277 | D:1      | Reached XP level 2. HP: 27/27 MP: 1/1
   545 | D:1      | Reached skill level 4 in Axes
   922 | D:2      | Reached skill level 1 in Armour
  1128 | D:2      | Reached XP level 3. HP: 20/33 MP: 2/2
  1250 | D:2      | Found a faded altar of an unknown god.
  1773 | D:3      | Found a stormy altar of Qazlal.
  1788 | D:3      | Became a worshipper of Qazlal Stormbringer
  1788 | D:3      | Reached * piety under Qazlal
  1788 | D:3      | Reached ** piety under Qazlal
  1914 | D:3      | Found a broken altar of Ashenzari.
  2056 | D:3      | Reached XP level 4. HP: 14/40 MP: 3/3
  2228 | D:3      | Reached skill level 1 in Invocations
  2553 | D:4      | Identified the +7 whip of Beyhon {flame, Int+3}
  2556 | D:4      | Reached skill level 5 in Axes
  2556 | D:4      | Reached XP level 5. HP: 46/47 MP: 5/5
  2827 | D:4      | Noticed a phantom
  2836 | D:4      | Killed a phantom
  2838 | D:4      | Noticed a sky beast
  2850 | D:4      | Killed a sky beast
  2851 | D:4      | Reached XP level 6. HP: 25/55 MP: 5/7
  3050 | D:4      | Reached skill level 5 in Fighting
  3050 | D:4      | Reached skill level 6 in Axes
  3350 | D:5      | Entered Level 5 of the Dungeon
  3390 | D:5      | Reached XP level 7. HP: 46/61 MP: 8/8
  3401 | D:5      | Reached *** piety under Qazlal
  3907 | D:6      | Reached skill level 7 in Axes
  4078 | D:6      | Reached XP level 8. HP: 61/70 MP: 10/10
  4193 | D:6      | Reached skill level 5 in Invocations
  4522 | D:6      | Found a staircase to the Ecumenical Temple.
  4622 | D:6      | Reached skill level 8 in Axes
  4923 | D:6      | Found a blossoming altar of Fedhas.
  5094 | D:6      | Reached skill level 5 in Armour
  5317 | D:7      | Found an ornate altar of the Wu Jian Council.
  5388 | D:7      | Noticed Barriton's ghost (novice DrCj)
  5389 | D:7      | Found a transporter.
  5853 | D:7      | HP: 2/71 [yak (10)]
  5859 | D:7      | Slain by a yak

Illustrated notes

Levels and vault maps discovered:
D:1:      nzn_arrival_depleted_hourglass, layout_loops_ring,
          hangedman_decor_riveting
D:2:      layout_basic, chequers_ecumenical_altar_island
D:3:      layout_basic, nicolae_overflow_crystal_walls,
          nicolae_qazlal_scattered_showers
D:4:      minmay_spotlight, layout_loops_cross, columned_hall_lemuel
D:5:      layout_rooms, minmay_misc_feat_encased
D:6:      layout_loops_ring, mainiacjoe_overflow_surrounded_room,
          minmay_temple_entry_grid, kennysheep_generic_room_12
D:7:      layout_rooms, mainiacjoe_overflow_tiny_flanked, gammafunk_ghost_smash,
          serial_aquarium, aquarium_bridge_island_small
          [aquarium_subvault_small_open, aquarium_subvault_wall,
          aquarium_subvault_bridge, aquarium_subvault_balcony,
          aquarium_subvault_balcony], aquarium_bridge_square
          [aquarium_subvault_bridge, aquarium_subvault_window,
          aquarium_subvault_bridge, aquarium_subvault_balcony],
          aquarium_window_corridor_1, aquarium_window_fake,
          aquarium_window_fake, aquarium_view_2d, aquarium_balcony_3a,
          dk_vineyard_1
D:8:      layout_rooms, serial_shops, shop, grunt_ministairs_10

Skill      XL: |  1  2  3  4  5  6  7  8 |
---------------+-------------------------+-----
Axes           | 4 5 6 7 8 |  8.8
Armour         | 1 2 3 4 5 |  5.3
Stealth        | 2 |  2.0
Fighting       | 4 5 6 |  6.7
Invocations    | 1 2 3 4 6 |  6.2
Dodging        | |  3.5

Action                     |  1- 3 |  4- 6 |  7- 9 || total
---------------------------+-------+-------+-------++-------
  Melee: Hand axe          |    97 |    23 |       ||   120
         Headbutt          |    11 |    13 |    28 ||    52
         Punch             |     1 |     1 |     2 ||     4
         Whip              |       |    40 |   136 ||   176
 Invoke: Upheaval          |       |       |     1 ||     1
    Use: Potion            |       |       |     8 ||     8
   Stab: Sleeping          |     4 |       |       ||     4
 Armour: Robe              |    14 |     8 |    11 ||    33
         Chain mail        |       |       |    35 ||    35
  Dodge: Dodged            |    62 |    56 |    71 ||   189
  Block: Other             |     2 |     9 |    32 ||    43

Table legend: (Time is in decaauts)
 A = Elapsed time spent in this place.
 B = Non-inter-level travel time spent in this place.
 C = Inter-level travel time spent in this place.
 D = Time resting spent in this place.
 E = Time spent auto-exploring this place.
 F = Levels seen in this place.
 G = Mean time per level.
                   A        B        C        D        E       F      G
               +--------+--------+--------+--------+--------+-----+--------+
         Total |   5852 |   5589 |    263 |    232 |   4574 |   8 |  731.5 |
       Dungeon |   5852 |   5589 |    263 |    232 |   4574 |   8 |  731.5 |
               +--------+--------+--------+--------+--------+-----+--------+

Top non-repeatable levels by time:
     D:6: 1246 daAuts
     D:3: 895 daAuts
     D:2: 864 daAuts
     D:4: 841 daAuts
     D:1: 756 daAuts
     D:7: 743 daAuts
     D:5: 500 daAuts
     D:8: 5 daAuts
